 Dungeon Crawl Stone Soup version 0.14.0-12-g87ee3b7 (console) character file.

310 xw the Chopper (level 5, -1/45 HPs)
             Began as a Minotaur Fighter on Apr 16, 2014.
             Slain by Sigmund
             ... wielding a +1,+2 scythe of protection
              (7 damage)
             ... on Level 3 of the Dungeon.
             The game lasted 00:01:02 (2850 turns).

xw the Chopper (Minotaur Fighter)                   Turns: 2850, Time: 00:01:02

HP  -1/45        AC  8     Str 22      XL: 5   Next: 36%
MP   2/2         EV  6     Int  5      God:
Gold 126         SH 19     Dex  9      Spells:  0 memorised,  4 levels left

rFire  . . .     SeeInvis .     Y - +0 war axe {mapnotes,}
rCold  . . .     Clarity  .     b - +0 scale mail
rNeg   . . .     Conserve .     c - +0 shield
rPois  .         rCorr    .     (helmet restricted)
rElec  .         rRot     .     m - +0 cloak
SustAb . .       Spirit   .     (no gloves)
rMut   .         Warding  .     (no boots)
Gourm  +         Stasis   .     k - amulet of the gourmand
MR     .....                    (no ring)
                                (no ring)

@: not resistant to hostile enchantments, extremely unstealthy
A: retaliatory headbutt, horns 2
a: no special abilities


You were on level 3 of the Dungeon.
You were very full.

You visited 1 branch of the dungeon, and saw 3 of its levels.

You collected 126 gold pieces.

Inventory:

Hand weapons
 Y - a +0,+0 war axe (weapon) {mapnotes,}
Armour
 b - a +0 scale mail (worn)
 c - a +0 shield (worn)
 m - a +0 cloak (worn)
Comestibles
 d - 2 bread rations
 n - a meat ration
Scrolls
 f - 2 scrolls of remove curse
 g - a scroll of teleportation
 h - a scroll of identify
Jewellery
 a - an uncursed amulet of stasis
 k - an amulet of the gourmand (around neck)
 l - a +3 ring of protection {unknown}
Potions
 e - a potion of might
 i - a potion of magic {unknown}
 j - 2 potions of curing


   Skills:
 - Level 3.6 Fighting
 * Level 6.8 Axes
 - Level 3.6 Armour
 - Level 3.6 Shields


You had 4 spell levels left.
You didn't know any spells.

Dungeon Overview and Level Annotations

Branches:
Dungeon (3/15)

Altars:

Annotations:
D:3 Sigmund


Innate Abilities, Weirdness & Mutations

You reflexively headbutt those who attack you in melee.
You have a pair of horns on your head.


Message History

2834 ||| Invisible monster
2835 ||| turn
2836 ||| turn
2837 ||| turn
2838 ||| turn
2839 ||| turn You hear some strange, mumbled words.
2840 ||| turn
2841 ||| turn
2842 ||| turn
2843 ||| turn
2844 ||| turn
2845 ||| turn
2846 ||| turn
2847 ||| turn You hear some strange, mumbled words. x2
2848 ||| turn
2849 ||| turn
2850 ||| turn You die...

### #.. #.# ###.####
#......# ##.(....#
#.. #...H...# ###.#
#...(..># #...##
#.......# .....#
##......#
.(...#########......#
............####.####
....#.#.......##.#
....#.#.###.#.##.#
.#..........#.##.#


There were no monsters in sight!

Vanquished Creatures
  A scorpion (D:3)
  Crazy Yiuf (D:2)
  3 adders
  3 gnolls (D:3)
  3 giant geckos
  A ball python (D:2)
  6 giant cockroaches
  8 goblins
  5 hobgoblins
  A quokka (D:2)
  9 bats
  2 giant newts
  12 kobolds
  7 rats
62 creatures vanquished.

Notes
Turn   | Place    | Note
--------------------------------------------------------------
     0 | D:1      | xw, the Minotaur Fighter, began the quest for the Orb.
     0 | D:1      | Reached XP level 1. HP: 19/19 MP: 1/1
   337 | D:1      | Reached XP level 2. HP: 26/26 MP: 1/1
   562 | D:1      | Fleeing towards (1,-5) corridor
   564 | D:1      | Fleeing towards (1,-4) corridor
   566 | D:1      | Fleeing towards (1,-1) corridor
   574 | D:1      | Fleeing towards (0,-4) corridor
   833 | D:1      | WEARING AMULET
   834 | D:1      | TESTING POTIONS
   835 | D:1      | TESTING POTIONS
   836 | D:1      | TESTING SCROLLS
   938 | D:2      | Reached skill level 4 in Axes
  1208 | D:2      | Reached XP level 3. HP: 29/31 MP: 2/2
  1339 | D:2      | Fleeing towards (-3,4) corridor
  1347 | D:2      | Fleeing towards (1,1) corridor
  1550 | D:2      | Noticed Crazy Yiuf
  1559 | D:2      | Killed Crazy Yiuf
  1559 | D:2      | Reached skill level 5 in Axes
  1559 | D:2      | Reached XP level 4. HP: 18/39 MP: 2/2
  1768 | D:2      | Fleeing towards (2,1) corridor
  2062 | D:2      | TESTING SCROLLS
  2063 | D:2      | TESTING SCROLLS
  2064 | D:2      | DROPPING BAD AMULET: amulet of stasis
  2065 | D:2      | WEARING AMULET
  2107 | D:2      | TESTING SCROLLS
  2108 | D:2      | TESTING SCROLLS
  2109 | D:2      | New armour: cloak (10)
  2220 | D:3      | Reached skill level 6 in Axes
  2484 | D:3      | Reached XP level 5. HP: 45/45 MP: 2/2
  2552 | D:3      | Fleeing towards (4,-5) corridor
  2553 | D:3      | Fleeing towards (2,-3) corridor
  2554 | D:3      | Fleeing towards (0,-1) corridor
  2555 | D:3      | Fleeing towards (-1,0) corridor
  2556 | D:3      | Fleeing towards (-1,-1) corridor
  2557 | D:3      | Fleeing towards (-1,-1) corridor
  2821 | D:3      | Noticed Sigmund
  2826 | D:3      | Fleeing towards (-1,-1) corridor
  2827 | D:3      | Fleeing towards (-1,-2) corridor
  2834 | D:3      | Invisible monster
  2850 | D:3      | Slain by Sigmund

Action                   |  1- 3 |  4- 6 || total
-------------------------+-------+-------++-------
Melee: War axe           |    90 |    66 ||   156
  Use: Potion            |     2 |       ||     2
       Scroll            |     1 |     4 ||     5
 Stab: Invisible         |     2 |       ||     2

Vault maps used:
D:1:      dpeg_arrival_round_c
D:2:      uniq_crazy_yiuf_cottage
D:3:      uniq_sigmund, uniq_grinder
